 Dungeon Crawl Stone Soup version 0.28-a0-233-gb8ca4b6547 (webtiles) character file.

Game seed: 15946451221160856343

373939 dolemite99 the Warrior (level 22, -2/150 HPs)
             Began as a Gargoyle Fighter on Aug 18, 2021.
             Was an Elder of Qazlal.
             Slain by a deep troll (28 damage)
             ... on level 2 of the Depths on Aug 22, 2021.
             The game lasted 02:11:01 (63879 turns).

dolemite99 the Warrior (Gargoyle Fighter)          Turns: 63879, Time: 02:11:02

Health: -2/150     AC: 49    Str: 32      XL:     22   Next: 73%
Magic:  35/35      EV:  9    Int:  9 (10) God:    Qazlal [****..]
Gold:   290        SH: 17    Dex: 10      Spells: 21/21 levels left

rFire   + . .      SeeInvis .   a - +1 eveningstar (elec)
rCold   + . .      Faith    +   B - +0 kite shield
rNeg    + . .      Spirit   .   S - +3 chain mail of the Snake Pit {rC+ Str+4}
rPois   ∞          Reflect  .   n - +2 helmet
rElec   +          Harm     .   o - +2 cloak
rCorr   .          Rampage  .   O - +2 pair of gloves
Will    ++...                   r - +2 pair of boots
Stlth   ..........              Z - amulet of faith
HPRegen 0.35/turn               D - ring of willpower
MPRegen 0.24/turn               t - ring of protection from fire

@: flying, repel missiles
A: sickness immunity, AC +16, big wings, negative energy resistance 1,
electricity resistance, torment resistance 1, petrification resistance
}: 2/15 runes: barnacled, gossamer
a: Renounce Religion, Upheaval, Elemental Force


You were on level 2 of the Depths.
You worshipped Qazlal.
Qazlal was greatly pleased with you.
You visited 8 branches of the dungeon, and saw 39 of its levels.
You visited 1 bazaar.

You collected 5157 gold pieces.
You spent 4867 gold pieces at shops.

Inventory:

Hand Weapons
 a - a +1 eveningstar of electrocution (weapon)
 b - a +0 vampiric demon whip
 w - a +8 demon whip of protection
 F - the +6 hunting sling "Eschoucos" {venom, Fly Dex+3}
   (You took it off a spriggan on level 6 of the Lair of Beasts)

   Any ammunition fired from it poisons the flesh of those it strikes.
   Dex:       It affects your dexterity (+3).
   Fly:       It grants you flight.
 W - a +0 fustibalus
 X - the +5 demon whip "Spellbinder" {antimagic, Will+}
   (You acquired it on level 2 of the Dungeon)

   It reduces the magical energy of the wielder, and disrupts the spells and
   magical abilities of those it strikes.
   Natural abilities and divine invocations are not affected.
   It unleashes wild and unpredictable magical effects upon striking a wizard or
   a creature with magical abilities.
   Will:      It increases your willpower.
Missiles
 f - 850 stones
 j - 116 boomerangs (quivered)
 y - 8 throwing nets
 G - 15 curare-tipped darts
 N - 95 sling bullets
Armour
 n - a +2 helmet (worn)
 o - a +2 cloak (worn)
 r - a +2 pair of boots (worn)
 B - a +0 kite shield (worn)
 O - a +2 pair of gloves (worn)
 S - the +3 chain mail of the Snake Pit (worn) {rC+ Str+4}
   (You found it on level 5 of the Lair of Beasts)

   Str:       It affects your strength (+4).
   rC:        It protects you from cold.
Jewellery
 c - a +4 ring of evasion
 h - the ring "Zihemo" {rC+ Str+6 Int-2 Dex+5}
   (You took it off a deep elf pyromancer on level 11 of the Dungeon)

   [ring of strength]

   Str:       It affects your strength (+6).
   Int:       It affects your intelligence (-2).
   Dex:       It affects your dexterity (+5).
   rC:        It protects you from cold.
 p - a +4 ring of slaying
 t - a ring of protection from fire (right hand)
 D - a ring of willpower (left hand)
 P - a ring of ice
 Z - an amulet of faith (around neck)
Wands
 i - a wand of charming (4)
 s - a wand of iceblast (10)
 H - a wand of paralysis (37)
 K - a wand of mindburst (27)
 M - a wand of digging (12)
Scrolls
 d - 18 scrolls of teleportation
 k - 3 scrolls of magic mapping
 l - 3 scrolls of vulnerability
 m - 4 scrolls of enchant armour
 J - 9 scrolls of fog
 L - 3 scrolls of holy word
 T - 2 scrolls of silence
 U - 26 scrolls of identify {@r1}
Potions
 e - 4 potions of might
 g - 3 potions of resistance
 q - 6 potions of invisibility
 u - 6 potions of degeneration
 v - 14 potions of curing
 x - 12 potions of brilliance
 z - 4 potions of ambrosia
 A - 4 potions of berserk rage
 E - 3 potions of heal wounds
 I - 3 potions of cancellation
 Q - 3 potions of haste
 R - 7 potions of lignification
 Y - 2 potions of attraction
Miscellaneous
 C - a condenser vane (inert)
 V - a box of beasts


   Skills:
 + Level 19.6 Fighting
 - Level 16.0 Maces & Flails
 - Level 11.6 Slings
 - Level 18.4 Armour
 - Level 14.7 Shields
 + Level 18.8 Invocations
 - Level 8.3 Evocations


You had 21 spell levels left.
You didn't know any spells.
Your spell library contained the following spells:

 Spells                   Type           Power      Damage    Failure   Level
 Animate Skeleton         Necr           0%         N/A       73%         1
 Freeze                   Ice            0%         1d3       73%         1
 Magic Dart               Conj           0%         1d3       73%         1
 Pain                     Necr           0%         1d4       73%         1
 Shock                    Conj/Air       0%         1d3       73%         1
 Call Imp                 Summ           0%         N/A       86%         2
 Corpse Rot               Necr/Air       N/A        N/A       86%         2
 Static Discharge         Conj/Air       0%         N/A       86%         2
 Frozen Ramparts          Ice            0%         1d2       97%         3
 Gell's Gravitas          Tloc           0%         N/A       97%         3
 Ignite Poison            Fire/Tmut/Pois 0%         N/A       97%         3
 Inner Flame              Hex/Fire       0%         N/A       97%         3
 Mephitic Cloud           Conj/Pois/Air  0%         N/A       97%         3
 Ozocubu's Armour         Ice            0%         N/A       97%         3
 Portal Projectile        Hex/Tloc       0%         N/A       97%         3
 Summon Guardian Golem    Hex/Summ       0%         N/A       97%         3
 Swiftness                Air            0%         N/A       97%         3
 Teleport Other           Tloc           0%         N/A       97%         3
 Vampiric Draining        Necr           0%         2d6       97%         3
 Airstrike                Air            0%         N/A       100%        4
 Animate Armour           Summ/Erth      0%         N/A       100%        4
 Cause Fear               Hex            0%         N/A       100%        4
 Dispel Undead            Necr           0%         3d6       100%        4
 Fulminant Prism          Conj/Hex       0%         3d6       100%        4
 Hailstorm                Conj/Ice       0%         3d3       100%        4
 Iskenderun's Mystic Bla  Conj/Tloc      0%         2d3       100%        4
 Petrify                  Tmut/Erth      0%         N/A       100%        4
 Sticky Flame             Conj/Fire      0%         2d3       100%        4
 Blade Hands              Tmut           0%         N/A       100%        5
 Bolt of Magma            Conj/Fire/Erth 0%         4d4       100%        5
 Excruciating Wounds      Necr           0%         N/A       100%        5
 Irradiate                Conj/Tmut      0%         3d14      100%        5
 Lee's Rapid Deconstruct  Erth           0%         3d5*      100%        5
 Lightning Bolt           Conj/Air       0%         1d11      100%        5
 Summon Forest            Summ/Tloc      0%         N/A       100%        5
 Summon Mana Viper        Hex/Summ       0%         N/A       100%        5
 Conjure Ball Lightning   Conj/Air       0%         3x3d6     100%        6
 Death Channel            Necr           0%         N/A       100%        6
 Dispersal                Tloc           0%         N/A       100%        6
 Iron Shot                Conj/Erth      0%         9d1       100%        6
 Shadow Creatures         Summ           N/A        N/A       100%        6
 Orb of Destruction       Conj           0%         N/A       100%        7
 Ozocubu's Refrigeration  Ice            0%         4d5       100%        7
 Spellforged Servitor     Conj/Summ      0%         N/A       100%        7
 Discord                  Hex            0%         N/A       100%        8
 Disjunction              Tloc           0%         N/A       100%        8
 Maxwell's Capacitive Co  Air            0%         ∞         100%        8
 Summon Horrible Things   Summ           0%         N/A       100%        8
 Sublimation of Blood     Necr           Unusable   N/A       N/A         2

Dungeon Overview and Level Annotations

Branches:
Dungeon (15/15)            Temple (0/1) D:6            Lair (6/6) D:8
 Shoals (4/4) Lair:2       Spider (4/4) Lair:4        Slime (1/5) Lair:6
    Orc (2/2) D:9             Elf (0/3) Orc:2        Vaults (4/5) D:14
  Crypt (0/3) Vaults:2     Depths (3/5) D:15

Altars:
Cheibriados
Elyvilon
Fedhas
Gozag
Hepliaklqana
Kikubaaqudgha
Nemelex Xobeh
Okawaru
Qazlal
Ru
Sif Muna
Trog
Uskayaw
Vehumet
Yredelemnul
Lugonu

Shops:
D:2 [   D:3 :   D:4 ?   D:9 ![*!   D:14 (   Orc:2 *?((?   Shoals:2 *
Vaults:1 ?   Vaults:2 [   Vaults:3 !   Depths:3 (

Portals:
Hell: Depths:1 Depths:2 Depths:3
Abyss: Lair:6 Depths:1
Ziggurat: Depths:2

Annotations:
D:12 2 transporters, exclusions: ice statue and orange crystal statue, Agauroho's ghost, journeyman GrEE
Lair:3 exclusion: oklob plant
Lair:5 1 runed translucent door, Kaniupha's ghost, journeyman GrFi
Lair:6 exclusion: oklob plant
Shoals:1 1 runed translucent door
Orc:2 3 runed translucent doors, Nausicaa's ghost, journeyman MiBe
Depths:2 2 transporters


Innate Abilities, Weirdness & Mutations

You are immune to sickness and miasma.
Your stone body is resilient. (AC +16)
You are immune to poison.
Your large and strong wings let you fly.
You resist negative energy. (rN+)
You are resistant to electric shocks. (rElec)
You are resistant to unholy torment.
You are immune to petrification.


Message History

The deep troll barely misses you.
Okay, then.
Clouds of freezing vapour condense around you!
The condenser dries out!
The deep troll shaman is engulfed in freezing vapours.
The deep troll shaman utters an invocation to its god.
The deep troll shaman is healed somewhat.
The deep troll is engulfed in freezing vapours.
You block the deep troll's attack.
The deep troll claws you but does no damage.
The deep troll claws you!
* * * LOW HITPOINT WARNING * * *
The deep troll is engulfed in freezing vapours.
The deep troll bites you.
* * * LOW HITPOINT WARNING * * *
You block the deep troll's attack.
The deep troll claws you but does no damage.
The deep troll shaman is engulfed in freezing vapours.
The deep troll shaman bites you but does no damage.
The deep troll shaman claws you but does no damage.
The deep troll shaman closely misses you.
The deep troll is engulfed in freezing vapours.
The deep troll bites you but does no damage.
The deep troll claws you.
* * * LOW HITPOINT WARNING * * *
The deep troll claws you but does no damage.
You feel much better.
The deep troll is engulfed in freezing vapours.
The deep troll bites you but does no damage.
The deep troll barely misses you. You block the deep troll's attack.
The deep troll is engulfed in freezing vapours.
The deep troll bites you!!
* * * LOW HITPOINT WARNING * * *
You block the deep troll's attack. x2
The deep troll shaman is engulfed in freezing vapours.
The deep troll shaman barely misses you. x2
The deep troll shaman claws you but does no damage.
The deep troll is engulfed in freezing vapours.
The deep troll bites you!!
You die...

©###© $©###©.....≈.. .###^
^!###..##..... ####.
?.###...#..... # ^$###.........
#......... #......... ###
#......... ##.##
#########......... ....##
##@T§##.###.......)
.....##########T§T§....#........#
...#..≈≈......#§§§§≈≈.........>.#
..##..≈..≈..###......≈≈≈.##......
..##..≈.#....#................≈..
........###...................≈≈≈
..####.#####..................≈≈≈
####....##....................≈..
##..##......###.#..........≈..


You could see 2 deep trolls and a deep troll shaman (fast).

Vanquished Creatures
  Nikola (Shoals:1)
  Arachne (Spider:4)
  A lich (Depths:1)
  Rupert (Lair:3)
  Asterion (Spider:4)
  2 sphinxes
  A shadow dragon (Vaults:3)
  2 tengu reavers
  A storm dragon (Vaults:4)
  A frost giant (Depths:1)
  3 fire giants
  13 vault wardens
  4 orc warlords
  A deep elf sorcerer (Vaults:3)
  A balrug (Depths:1)
  5 emperor scorpions
  7 ghost moths
  17 very ugly things
  7 ironbound preservers
  8 stone giants
  A vampire knight (Depths:1)
  3 war gargoyles
  A juggernaut skeleton (Depths:1)
  3 entropy weavers
  11 dire elephants
  5 ettins
  Snorg (D:13)
  A blizzard demon (Depths:1)
  3 spark wasps (Spider:4)
  A crystal guardian (Vaults:3)
  5 merfolk javelineers
  5 fire dragons
  5 ironbound thunderhulks
  Fannar (D:10)
  5 great orbs of eyes
  9 yaktaur captains
  7 merfolk impalers
  6 vault guards (Vaults:4)
  Harold (Lair:1)
  5 ice dragons
  2 rakshasas (Depths:2)
  3 death knights
  12 boulder beetles
  2 ogre magi
  3 peacekeepers
  A hell beast (Depths:1)
  10 centaur warriors
  9 hydras
  A catoblepas (D:15)
  2 merfolk aquamancers (Shoals:4)
  11 two-headed ogres
  4 merfolk avatars
  6 ironbound frosthearts
  A two-headed ogre (shapeshifter) (Lair:6)
  2 satyrs (Shoals:3)
  An alligator snapping turtle (Shoals:4)
  12 deep troll shamans
  5 deep troll earth magi
  3 death yaks (Lair:3)
  A tengu warrior (Depths:2)
  10 ironbound beastmasters
  A vampire mage (Depths:2)
  Urug (D:11)
  2 orc high priests
  3 thrashing horrors (Lair:6)
  12 sea snakes
  2 soul eaters
  2 titan skeletons
  2 iron trolls (Depths:1)
  5 glowing orange brains
  52 deep trolls
  A shadow demon (Depths:3)
  8 skeletal warriors
  13 ironbound convokers
  4 lindwurms (Vaults:3)
  A shadow dragon zombie (Vaults:3)
  2 deep elf pyromancers
  17 orc knights
  A lindwurm (shapeshifter) (Vaults:3)
  6 necromancers
  22 wolf spiders
  14 wizards
  3 phantasmal warriors
  A stone giant zombie (Vaults:1)
  4 orc sorcerers (Orc:2)
  4 fauns
  44 ugly things
  A mana viper (shapeshifter) (Lair:6)
  19 orb spiders
  15 harpies
  7 cyclopes
  27 slime creatures
  2 moths of wrath (Spider:4)
  12 manticores
  9 elephants
  2 spriggan zombies
  A stone giant skeleton (Vaults:1)
  5 water nymphs
  A black mamba (shapeshifter) (D:11)
  A fire giant skeleton (Depths:1)
  12 merfolk sirens
  2 rust devils (Depths:3)
  11 vault sentinels
  9 torpor snails
  3 black mambas
  Joseph (D:9)
  10 cane toads
  A smoke demon (Lair:6)
  4 rime drakes
  Maurice (Orc:2)
  22 demonic crawlers
  2 efreet
  12 komodo dragons
  2 kobold demonologists
  An elf zombie (Depths:1)
  33 yaktaurs
  An ancient zyme (Lair:6)
  3 tengu conjurers
  A freezing wraith (D:15)
  A queen bee (D:11)
  39 merfolk
  5 meliai
  19 jumping spiders
  2 polar bears
  7 trolls
  6 hornets
  25 blink frogs
  6 wind drakes
  19 dream sheep
  8 snapping turtles
  3 human simulacra
  A fire dragon zombie (D:15)
  2 spriggans (Lair:6)
  4 water elementals
  25 tarantellas
  58 redbacks
  3 wyverns
  A wraith (Vaults:2)
  A yak (shapeshifter) (D:13)
  68 yaks
  11 basilisks
  An ice dragon skeleton (Depths:1)
  3 ynoxinuls
  2 steam dragons
  3 chaos spawn
  12 vampire mosquitoes
  2 wargs
  An acid dragon (D:12)
  A tengu zombie (D:15)
  A floating eye (Depths:2)
  15 water moccasins
  A large abomination (Lair:6)
  13 small abominations (Lair:6)
  2 sky beasts
  2 human zombies
  28 orc warriors
  A black bear (D:7)
  5 ogres
  28 wolves
  15 centaurs
  2 human skeletons
  6 kobold brigands
  14 bullfrogs
  3 scorpions
  A gnoll sergeant (D:6)
  35 killer bees (D:11)
  7 howler monkeys
  4 electric eels
  3 centaur zombies
  A bullfrog zombie (D:5)
  Crazy Yiuf (D:4)
  2 gnoll shamans (D:6)
  14 orc priests
  A bullfrog skeleton (D:5)
  A hound (D:6)
  4 jellies
  2 centaur skeletons
  3 iguanas
  24 orc wizards
  2 killer bee zombies
  A howler monkey zombie (D:10)
  A howler monkey skeleton (D:7)
  13 gnolls
  9 adders
  A shadow imp (D:8)
  2 white imps
  3 ufetubi
  3 worms
  3 dart slugs
  79 orcs
  5 ball pythons
  6 bats
  12 endoplasms
  2 giant cockroaches
  5 goblins
  7 hobgoblins
  3 jackals (D:1)
  A quokka (D:3)
  4 frilled lizards
  33 kobolds
  6 rats
1497 creatures vanquished.

Vanquished Creatures (collateral kills)
  An iron dragon (Depths:1)
  Louise (Depths:1)
  2 ironbound preservers
  A merfolk javelineer (Shoals:4)
  A rakshasa (Depths:2)
  2 orc high priests (Orc:2)
  An ironbound beastmaster (Vaults:1)
  3 deep trolls (Vaults:3)
  3 lindwurms
  5 harpies (Shoals:4)
  An orc sorcerer (Orc:2)
  8 ugly things
  3 wolf spiders (Spider:4)
  4 vault sentinels
  4 yaktaurs (Vaults:3)
  A merfolk (Shoals:4)
  2 slime creatures
  3 snapping turtles (Shoals:4)
  3 redbacks
  2 tarantellas (Spider:2)
  An orc warrior (Orc:2)
  A centaur (D:14)
  7 jellies (Lair:1)
  An orc priest (Orc:2)
  An orc wizard (Orc:2)
  4 endoplasms (Lair:1)
66 creatures vanquished.

Vanquished Creatures (others)
  A fire dragon (D:15)
  A vampire mage (Depths:1)
  A sea snake (Shoals:1)
  2 deep trolls
  An orc (Orc:2)
  A bush (Lair:4)
  37 fungi
  129 plants
  2 withered plants (D:15)
175 creatures vanquished.

Grand Total: 1738 creatures vanquished

Notes
Turn   | Place    | Note
-------+----------+-------------------------------------------
     0 | D:1      | dolemite99 the Gargoyle Fighter began the quest for the
                  | Orb.
     0 | D:1      | Reached XP level 1. HP: 14/14 MP: 1/1
   224 | D:1      | Reached XP level 2. HP: 19/19 MP: 2/2
   232 | D:1      | Found a faded altar of an unknown god.
   238 | D:1      | Became a worshipper of Qazlal Stormbringer
   238 | D:1      | Reached * piety under Qazlal
   776 | D:1      | Reached XP level 3. HP: 22/23 MP: 3/3
  1105 | D:2      | Found Coonyacs's Armour Boutique.
  1163 | D:2      | Bought a +0 helmet for 58 gold pieces
  1304 | D:2      | Reached ** piety under Qazlal
  1983 | D:3      | Found Yqitweg's Book Shoppe.
  2012 | D:3      | Reached XP level 4. HP: 27/28 MP: 4/4
  2053 | D:3      | Found a white marble altar of Elyvilon.
  2385 | D:2      | Identified a scroll of acquirement
  2385 | D:2      | Acquired the +5 demon whip "Spellbinder" {antimagic, Will+}
  2386 | D:2      | Found the +5 demon whip "Spellbinder" {antimagic, Will+}
  2661 | D:3      | Reached skill level 5 in Maces & Flails
  2799 | D:3      | Found an ancient bone altar of Kikubaaqudgha.
  2866 | D:3      | Found an iron altar of Okawaru.
  2870 | D:3      | Found a blossoming altar of Fedhas.
  2870 | D:3      | Found a stormy altar of Qazlal.
  2883 | D:3      | Found a hazy altar of Hepliaklqana.
  2926 | D:3      | Found a radiant altar of Vehumet.
  2989 | D:4      | Reached XP level 5. HP: 13/32 MP: 5/5
  3158 | D:4      | Found Qabranalu's Magic Scroll Boutique.
  3237 | D:4      | Found a runed translucent door.
  3238 | D:4      | Noticed Crazy Yiuf
  3249 | D:4      | Killed Crazy Yiuf
  3250 | D:4      | Reached XP level 6. HP: 26/37 MP: 6/6
  3610 | D:4      | Found a basalt altar of Yredelemnul.
  3890 | D:4      | Bought a scroll of blinking for 90 gold pieces
  3890 | D:4      | Bought a scroll of identify for 24 gold pieces
  3957 | D:5      | Entered Level 5 of the Dungeon
  4114 | D:5      | Reached XP level 7. HP: 41/41 MP: 7/7
  5240 | D:5      | Reached XP level 8. HP: 46/46 MP: 8/8
  5975 | D:5      | Reached skill level 10 in Maces & Flails
  6529 | D:6      | Found a staircase to the Ecumenical Temple.
  6592 | D:6      | Reached *** piety under Qazlal
  6894 | D:6      | Found a sparkling altar of Nemelex Xobeh.
  6956 | D:6      | Reached skill level 1 in Invocations
  6956 | D:6      | Reached XP level 9. HP: 24/51 MP: 8/10
  8335 | D:8      | Reached skill level 5 in Invocations
  8401 | D:8      | Reached skill level 5 in Shields
  8512 | D:8      | Noticed a komodo dragon
  8513 | D:8      | Found a staircase to the Lair.
  8532 | D:8      | Killed a komodo dragon
  8820 | D:8      | Reached **** piety under Qazlal
  8821 | D:8      | Reached XP level 10. HP: 39/56 MP: 15/15
  8917 | D:8      | Found a shimmering blue altar of Sif Muna.
  8931 | D:8      | Got Sif Muna's Tome of Flight and Black Rituals
  8936 | D:8      | Found a bloodstained altar of Trog.
  9726 | D:9      | Found Ullu's Armour Shop.
  9999 | D:4      | Bought a scroll of holy word for 90 gold pieces
  9999 | D:4      | Bought a scroll of magic mapping for 42 gold pieces
  9999 | D:4      | Bought a scroll of identify for 24 gold pieces
  9999 | D:4      | Bought a scroll of teleportation for 36 gold pieces
 10303 | D:9      | Found Hechusull's Distillery.
 10311 | D:9      | Bought a potion of might for 60 gold pieces
 10311 | D:9      | Bought 2 potions of curing for 90 gold pieces
 10358 | D:9      | Found Toym's Distillery.
 10364 | D:9      | Noticed a two-headed ogre
 10379 | D:9      | Killed a two-headed ogre
 10482 | D:9      | Found a staircase to the Orcish Mines.
 10538 | D:9      | Noticed a two-headed ogre
 10549 | D:9      | Killed a two-headed ogre
 10550 | D:9      | Reached skill level 10 in Invocations
 10609 | D:9      | Found Luasoali's Distillery.
 10636 | D:9      | Found Agairic's General Store.
 10699 | D:9      | Found a hide-covered altar of Uskayaw.
 10931 | D:10     | Entered Level 10 of the Dungeon
 10997 | D:10     | Noticed Fannar
 11001 | D:10     | Killed Fannar
 11002 | D:10     | Reached XP level 11. HP: 60/60 MP: 5/19
 11043 | D:10     | Noticed Joseph
 11072 | D:9      | Killed Joseph
 11730 | D:10     | Identified the +6 war axe "Qaugrolo" {antimagic, Will+}
 11930 | D:10     | Found a sacrificial altar of Ru.
 12162 | D:11     | Noticed a cyclops
 12163 | D:11     | Noticed a two-headed ogre
 12176 | D:11     | Killed a two-headed ogre
 12177 | D:11     | Reached skill level 4 in Fighting
 12178 | D:11     | Noticed a manticore
 12183 | D:10     | Killed a cyclops
 12234 | Lair:1   | Entered Level 1 of the Lair of Beasts
 12294 | Lair:1   | Reached skill level 5 in Fighting
 12294 | Lair:1   | Reached skill level 5 in Armour
 12500 | Lair:1   | Noticed a four-headed hydra
 12502 | Lair:1   | Noticed Harold
 12517 | Lair:1   | Reached skill level 6 in Fighting
 12534 | Lair:1   | Killed a four-headed hydra
 12537 | Lair:1   | Killed Harold
 12557 | Lair:1   | Reached skill level 7 in Fighting
 12565 | Lair:1   | Reached XP level 12. HP: 61/72 MP: 12/20
 13593 | Lair:2   | Noticed a boulder beetle
 13603 | Lair:2   | Killed a boulder beetle
 13604 | Lair:2   | Reached skill level 8 in Fighting
 14272 | Lair:2   | Reached skill level 9 in Fighting
 14918 | Lair:2   | Found a staircase to the Shoals.
 14978 | Lair:2   | Noticed a four-headed hydra
 14989 | Lair:2   | Killed a four-headed hydra
 14990 | Lair:2   | Reached skill level 10 in Fighting
 14990 | Lair:2   | Reached skill level 10 in Armour
 15937 | D:9      | Bought a potion of heal wounds for 55 gold pieces
 15937 | D:9      | Bought a potion of haste for 110 gold pieces
 15937 | D:9      | Bought a potion of berserk rage for 55 gold pieces
 15937 | D:9      | Bought a potion of curing for 33 gold pieces
 15937 | D:9      | Bought a potion of curing for 33 gold pieces
 16007 | Lair:3   | Noticed a seven-headed hydra
 16020 | Lair:2   | Killed a seven-headed hydra
 16106 | Lair:3   | Noticed Rupert
 16113 | Lair:3   | Reached XP level 13. HP: 83/83 MP: 4/21
 16115 | Lair:3   | Killed Rupert
 16116 | Lair:3   | Reached skill level 11 in Fighting
 17216 | Lair:3   | Reached skill level 12 in Fighting
 17582 | Lair:3   | Found a snail-covered altar of Cheibriados.
 18464 | Lair:4   | Reached skill level 13 in Fighting
 18464 | Lair:4   | Gained mutation: Your large and strong wings let you fly.
                  | [Gargoyle growth]
 18464 | Lair:4   | Reached XP level 14. HP: 82/94 MP: 7/22
 18688 | Lair:4   | Found a hole to the Spider Nest.
 18825 | Lair:4   | Found a sacrificial altar of Ru.
 19417 | Lair:5   | Reached ***** piety under Qazlal
 19481 | Lair:5   | Identified the +3 chain mail of the Snake Pit {rC+ Str+4}
 19508 | Lair:5   | Reached skill level 10 in Shields
 20017 | Lair:5   | Found a runed translucent door.
 20048 | Lair:5   | Noticed Kaniupha's ghost (journeyman GrFi)
 20294 | Lair:6   | Entered Level 6 of the Lair of Beasts
 20802 | Lair:6   | Found a staircase to the Slime Pits.
 20823 | Lair:6   | Acquired a +0 demon whip of venom
 22073 | Lair:6   | Identified the +6 hunting sling "Eschoucos" {venom, Fly
                  | Dex+3}
 22143 | Lair:6   | Acquired a +4 eveningstar of holy wrath
 22468 | Lair:6   | Reached XP level 15. HP: 90/100 MP: 22/24
 22516 | Lair:6   | Found a corrupted altar of Lugonu.
 22516 | Lair:6   | Found a one-way gate to the infinite horrors of the Abyss.
 22862 | D:9      | Bought a scroll of enchant weapon for 105 gold pieces
 22862 | D:9      | Bought a scroll of blinking for 105 gold pieces
 22896 | Orc:1    | Entered Level 1 of the Orcish Mines
 22919 | Orc:1    | Reached skill level 1 in Evocations
 23725 | D:11     | Identified the ring "Zihemo" {rC+ Str+6 Int-2 Dex+5}
 23752 | D:11     | Reached skill level 5 in Evocations
 24251 | D:11     | Noticed Urug
 24263 | D:11     | Killed Urug
 25251 | Orc:2    | Entered Level 2 of the Orcish Mines
 25251 | Orc:2    | Found a runed translucent gate.
 25251 | Orc:2    | Found a runed translucent gate.
 25251 | Orc:2    | Found a runed translucent gate.
 25256 | Orc:2    | Noticed Nausicaa's ghost (journeyman MiBe)
 25274 | Orc:2    | Found an opulent altar of Gozag.
 25274 | Orc:2    | Found Rexitt's Assorted Antiques.
 25472 | Orc:2    | Noticed Maurice
 25495 | Orc:2    | Killed Maurice
 25719 | Orc:2    | Found a staircase to the Elven Halls.
 25727 | Orc:2    | Reached ****** piety under Qazlal
 26117 | Orc:2    | Paralysed by an orc sorcerer for 5 turns
 26312 | Orc:2    | Found Veehoer's Magic Scroll Shoppe.
 26312 | Orc:2    | Found Buihef's Magic Scroll Shop.
 26358 | Orc:2    | Found Xisixky's Weapon Shop.
 26358 | Orc:2    | Found Atalit's Antique Weapon Shoppe.
 26364 | Orc:2    | Bought a scroll of enchant weapon for 105 gold pieces
 26364 | Orc:2    | Bought a scroll of teleportation for 42 gold pieces
 26364 | Orc:2    | Bought a scroll of teleportation for 42 gold pieces
 26364 | Orc:2    | Bought a scroll of teleportation for 42 gold pieces
 26364 | Orc:2    | Bought a scroll of silence for 105 gold pieces
 26364 | Orc:2    | Bought 2 scrolls of identify for 56 gold pieces
 26369 | Orc:2    | Bought a scroll of summoning for 123 gold pieces
 26369 | Orc:2    | Bought a scroll of enchant weapon for 97 gold pieces
 26369 | Orc:2    | Bought a scroll of teleportation for 39 gold pieces
 26369 | Orc:2    | Bought a scroll of enchant weapon for 97 gold pieces
 26369 | Orc:2    | Bought a scroll of teleportation for 39 gold pieces
 26369 | Orc:2    | Bought 3 scrolls of identify for 78 gold pieces
 26787 | D:12     | Noticed Agauroho's ghost (journeyman GrEE)
 27285 | D:12     | Found a transporter.
 27465 | D:12     | Found a transporter.
 27722 | D:13     | Reached skill level 14 in Fighting
 27875 | D:13     | Noticed Snorg
 27887 | D:13     | Killed Snorg
 28016 | D:13     | Noticed Nessos
 28017 | D:13     | Noticed Nessos
 28017 | D:13     | Nessos changed into Nessos the yaktaur
 28025 | D:13     | Killed Nessos the yaktaur
 28257 | D:13     | Reached XP level 16. HP: 106/106 MP: 25/25
 29018 | D:14     | Reached skill level 1 in Slings
 29328 | D:14     | Found a gate to the Vaults.
 29361 | D:14     | Found a shimmering blue altar of Sif Muna.
 29600 | D:14     | Found Qukacw's Antique Weapon Boutique.
 29689 | D:15     | Entered Level 15 of the Dungeon
 29701 | D:15     | Reached skill level 5 in Slings
 29760 | D:15     | Found a gateway to a bazaar.
 29823 | Bazaar   | Entered a bazaar
 29885 | Bazaar   | Found Arepiac's Jewellery Boutique.
 29907 | Bazaar   | Found Wenwor's Antique Armour Emporium.
 29928 | Bazaar   | Found Xobbay's Armour Boutique.
 29948 | Bazaar   | Found Guzxies's Antique Weapon Shoppe.
 29989 | Bazaar   | Bought a glowing cloak for 157 gold pieces
 30304 | D:15     | Found a staircase to the Depths.
 31699 | Spider:1 | Entered Level 1 of the Spider Nest
 31801 | D:9      | Bought a potion of resistance for 150 gold pieces
 31933 | Slime:1  | Entered Level 1 of the Pits of Slime
 33599 | Spider:2 | Reached XP level 17. HP: 89/112 MP: 19/26
 35227 | Spider:3 | Reached skill level 10 in Slings
 35797 | Spider:4 | Entered Level 4 of the Spider Nest
 35929 | Spider:4 | Noticed Arachne
 36635 | Spider:4 | Noticed Asterion
 36654 | Spider:4 | Killed Asterion
 37063 | Spider:4 | Reached skill level 15 in Fighting
 37232 | Spider:4 | Killed Arachne
 37305 | Spider:4 | Reached XP level 18. HP: 109/119 MP: 27/27
 37965 | Spider:4 | Reached skill level 16 in Fighting
 38452 | Spider:4 | Got a gossamer rune of Zot
 38660 | Shoals:1 | Entered Level 1 of the Shoals
 38897 | Shoals:1 | Found a runed translucent door.
 39200 | Shoals:1 | Identified the +5 great sword of Iwkoq {vorpal, Drain rPois
                  | Int+4}
 39273 | Shoals:1 | Noticed Nikola
 39318 | Shoals:1 | Killed Nikola
 40176 | Shoals:2 | Reached skill level 17 in Fighting
 40657 | Shoals:2 | Identified the +9 short sword of Tehouh {elec, rF+++ rCorr
                  | Str+4 Dex-2}
 40673 | Shoals:2 | Found Jelleuf's Assorted Antiques.
 40697 | Shoals:2 | Bought a potion of invisibility for 248 gold pieces
 40697 | Shoals:2 | Bought a sharpened iron wand for 124 gold pieces
 42256 | Shoals:3 | Reached skill level 18 in Fighting
 43070 | D:8      | Upgraded the game from 0.28-a0-178-ga708605c5b to
                  | 0.28-a0-194-g42b4daccc1
 43070 | D:8      | Upgraded the game from 0.28-a0-194-g42b4daccc1 to
                  | 0.28-a0-199-g298df9dbad
 43070 | D:8      | Upgraded the game from 0.28-a0-199-g298df9dbad to
                  | 0.28-a0-206-gc2c9e32840
 43100 | D:9      | Bought a potion of heal wounds for 70 gold pieces
 43100 | D:9      | Bought a potion of haste for 140 gold pieces
 43261 | Vaults:1 | Entered Level 1 of the Vaults
 43403 | Vaults:1 | Found Vuziw's Magic Scroll Boutique.
 43417 | Vaults:1 | Bought a scroll of blinking for 97 gold pieces
 43417 | Vaults:1 | Bought a scroll of fog for 26 gold pieces
 43417 | Vaults:1 | Bought a scroll of teleportation for 39 gold pieces
 44107 | Vaults:1 | Reached XP level 19. HP: 68/131 MP: 19/28
 45382 | Vaults:1 | Reached skill level 15 in Armour
 46654 | Vaults:2 | Found Paxoirup's Antique Armour Boutique.
 47729 | Vaults:2 | Reached skill level 15 in Invocations
 48347 | Vaults:2 | Reached XP level 20. HP: 137/137 MP: 31/31
 49041 | Vaults:2 | Found a staircase to the Crypt.
 49563 | Vaults:3 | Found Nogoige's Distillery.
 49572 | Vaults:3 | Bought 2 potions of might for 104 gold pieces
 49572 | Vaults:3 | Bought a potion of might for 52 gold pieces
 49572 | Vaults:3 | Bought a potion of invisibility for 104 gold pieces
 49572 | Vaults:3 | Bought a potion of curing for 39 gold pieces
 49572 | Vaults:3 | Bought 2 potions of curing for 78 gold pieces
 52365 | Vaults:1 | Bought a scroll of blinking for 97 gold pieces
 52365 | Vaults:1 | Bought a scroll of teleportation for 39 gold pieces
 52426 | Vaults:4 | Found a flickering gateway to a bazaar.
 52700 | Vaults:4 | Reached XP level 21. HP: 107/142 MP: 33/33
 52984 | Vaults:4 | Acquired 1171 gold pieces
 53302 | D:9      | Bought a scroll of brand weapon for 280 gold pieces
 55572 | Shoals:4 | Entered Level 4 of the Shoals
 56230 | Shoals:4 | Got a barnacled rune of Zot
 56558 | Shoals:4 | Got Asmodeus's Reference Book on the Entourage
 57559 | D:11     | Upgraded the game from 0.28-a0-206-gc2c9e32840 to
                  | 0.28-a0-233-gb8ca4b6547
 57593 | D:9      | Bought 2 potions of haste for 300 gold pieces
 57593 | D:9      | Bought a potion of invisibility for 120 gold pieces
 57593 | D:9      | Bought a potion of invisibility for 120 gold pieces
 57622 | D:9      | Bought 2 potions of invisibility for 224 gold pieces
 57757 | Depths:1 | Entered Level 1 of the Depths
 57809 | Depths:1 | Reached skill level 15 in Maces & Flails
 58709 | Depths:2 | Found a gateway to a ziggurat.
 58943 | Depths:1 | Reached XP level 22. HP: 137/148 MP: 34/34
 59759 | Depths:1 | Found a gateway to Hell.
 59837 | Depths:1 | Noticed Louise
 59846 | Depths:1 | Killed Louise
 61110 | Depths:2 | Reached skill level 19 in Fighting
 61542 | Depths:2 | Found a transporter.
 63268 | Depths:2 | Found a transporter.
 63284 | Depths:2 | Paralysed by a floating eye for 3 turns
 63819 | Depths:3 | Found Fico's Weapon Shoppe.
 63849 | Depths:3 | Found a snail-covered altar of Cheibriados.
 63864 | Depths:3 | Bought a +0 fustibalus for 240 gold pieces
 63864 | Depths:3 | Bought 18 sling bullets for 144 gold pieces
 63879 | Depths:2 | Slain by a deep troll

Illustrated notes

Levels and vault maps discovered:
D:1:      zelgadis_glass_arrival_small, layout_basic,
          dreamdust_ecumenical_altar_angels_and_demons
D:2:      layout_rooms, serial_shops, shop, minmay_misc_feat_hallway,
          minmay_door_square, minmay_misc_feat_secret_circle
D:3:      layout_basic, vehumet_crystals, minmay_overflow_temple_star_hex,
          amcnicky_altar_gilded, serial_shops, shop, minmay_circle_x
D:4:      layout_basic, mainiacjoe_overflow_tiny_flanked, serial_glass,
          glass_columns_a, glass_columns_c, glass_columns_a, glass_columns_b,
          glass_columns_c, glass_columns_a, glass_columns_c, glass_columns_c,
          glass_columns_a, glass_columns_c, glass_columns_a, glass_columns_a,
          glass_columns_a, glass_columns_a, kennysheep_windowed_goal,
          uniq_crazy_yiuf_cottage
D:5:      layout_layer_cave
D:6:      layout_loops_ring, kennysheep_mini_moat,
          minmay_temple_entry_from_below_a, corner_web_ring
D:7:      layout_gridville, hangedman_decor_peaks_small
D:8:      layout_gridville, nzn_overflow_gifts_of_might_and_magic,
          david_lair_shrubbed, minmay_tree_intersection, eino_curves_03
D:9:      layout_rooms, nicolae_uskayaw_murder_on_the_dancefloor, orc_0_dummy,
          serial_shops, shop, shop_fountains, shop, nicolae_shop_statue_plus,
          nicolae_shop_window_shopping, kennysheep_small_spiral
D:10:     layout_cave_pools, nicolae_ru_great_annihilating_truth, special_room
          [special_room_orc], uniq_fannar, uniq_joseph
D:11:     regret_index_combs_of_tragedy, layout_basic, kennysheep_cross_room,
          uniq_urug
D:12:     minmay_separated_statues, layout_cave_pools,
          gammafunk_ghost_stat_death
D:13:     layout_cave_pods, uniq_snorg, uniq_nessos
D:14:     layout_rooms, david_vaults_2, gauntlet_entry_generic, led_sif_pool,
          serial_shops, shop
D:15:     gammafunk_depths_entry_grave, layout_irregular_city, serial_shops,
          freezing_bzr, minmay_fractal_squares_gapless_5
Lair:1:   lemuel_slime, layout_cellular_growth, grunt_megastairs_2, uniq_harold
Lair:2:   layout_cave_pods, elwin_shoals_entry_rooms, serial_bayou_ford_a,
          beast_lair_carwin_9
Lair:3:   layout_regular_city, lightli_volcano_entry_magma_tube, st_stairs_8,
          kennysheep_snail_temple, minmay_lair_oklob_chamber,
          serial_bayou_shore_b, serial_bayou_shore_b, grunt_megastairs_5,
          serial_bayou_shore_b, uniq_rupert
Lair:4:   layout_cave_shapes, dummy_spider_entry, basic_altar
Lair:5:   layout_long_grid, ebering_ghost_reflecting_pool
Lair:6:   hellmonk_lair_end_abyssal_woods, layout_layer_cave,
          minmay_slime_entry_pillars, minmay_lair_oklob_bushes, minivault_19,
          infiniplex_staircase_pool_2
Shoals:1: layout_shoals, lightli_airlock, uniq_nikola
Shoals:2: layout_shoals, serial_shops, nicolae_shop_trees,
          nicolae_shoals_lost_giant_hut
Shoals:3: layout_shoals
Shoals:4: shoals_end_simple, layout_shoals, nicolae_shoals_arrival_archipelago
Spider:1: layout_chambers, nicolae_spider_checkerboard
Spider:2: layout_spider_delve, hangedman_spider_tarantella_strand
Spider:3: layout_spider_delve, worms_lemuel
Spider:4: johnstein_spider_rune_arachne_lair,
          nicolae_spider_some_kinda_spiderbox, uniq_asterion
Slime:1:  layout_caves
Orc:1:    layout_diamond_mine, serial_shops, nicolae_lakefront_shop
Orc:2:    grunt_orc_tribal_feast, layout_caves, ebering_ghost_gozag,
          uniq_maurice
Vaults:1: v_misc_26, ontoclasm_vaults_spin, v_misc_9, v_misc_23,
          vaults_dpeg_ring, ontoclasm_vaults_ring_large,
          ontoclasm_vaults_ring_square, ontoclasm_vaults_gateway,
          nicolae_vaults_mini_display_case, nicolae_vaults_what_the_h,
          layout_vaults_omnigrid, serial_shops, shop
Vaults:2: v_rooms_6, nicolae_vaults_diagonal_hallway_7,
          nicolae_vaults_little_squares_4, v_misc_11,
          nicolae_vaults_border_crossing,
          nicolae_vaults_windows_and_doors_thing, ontoclasm_vaults_eye,
          vaults_room_ringed_pool, v_pattern_4, vaults_room_door_ring,
          layout_vaults_big_room, blue_anna_dwarven_crypt, serial_shops, shop
Vaults:3: vaults_standard_mumra_x, v_alt_pattern_5,
          nicolae_vaults_lopsided_apartments, vaults_mumra_chevron,
          nicolae_vaults_bisected_exclaves, v_misc_18, v_rooms_3,
          hangedman_vaults_maws, vaults_dpeg_cross, vaults_room_door_ring,
          ontoclasm_vaults_shuriken, v_misc_8, layout_vaults_omnicross,
          serial_shops, shop_statue
Vaults:4: nicolae_vaults_theta, hangedman_vaults_corner_blocks,
          vaults_dpeg_spiral, hangedman_vaults_restitches, v_misc_10,
          grunt_vaults_hallway_short, v_misc_5, v_misc_30, vaults_dpeg_diagonal,
          v_misc_10, grunt_vaults_trifunnel, vaults_mumra_lcd, vaults_room_grid,
          vaults_room_door_ring, layout_vaults_omnibox, serial_shops,
          bzr_in_the_mist
Depths:1: layout_basic, nicolae_abyss_entry_one_way_or_another,
          grunt_mini_vestibule, kennysheep_dice, grunt_megastairs_3
Depths:2: gammafunk_its_a_trap, layout_cave_pools, enter_ziggurat_a,
          pf_hell_entry_tar_spiral, onia_ninara_cookie,
          minmay_staircase_statues_hall_small
Depths:3: minmay_quarter_circles, layout_gridlike, serial_corexii_hall,
          corexii_hall_statues_t, corexii_hall_statues_u, serial_shops, shop,
          rand_demon_pan_entry_3, hell_entry, kennysheep_slug_shrine

Skill      XL: |  1  2  3  4  5  6  7  8  9 10 11 12 13 14 15 16 17 18 19 20 21 22 |
---------------+-------------------------------------------------------------------+-----
Maces & Flails | 3 4 5 6 7 9 10 12 16 | 16.0
Invocations    | 1 7 11 12 15 17 18 | 18.8
Shields        | 6 8 9 12 14 | 14.7
Fighting       | 7 10 13 14 15 18 19 | 19.6
Armour         | 7 10 13 14 16 18 | 18.4
Evocations     | 8 |  8.3
Slings         | 7 11 | 11.6

Action                   |  1- 3 |  4- 6 |  7- 9 | 10-12 | 13-15 | 16-18 | 19-21 | 22-24 || total
-------------------------+-------+-------+-------+-------+-------+-------+-------+-------++-------
Melee: Flail             |   113 |    31 |       |       |       |       |       |       ||   144
       Demon whip        |       |    16 |       |       |  1431 |   633 |  1318 |    48 ||  3446
       Whip              |       |    72 |   344 |   508 |    54 |       |       |       ||   978
       Eveningstar       |       |       |       |       |       |       |    72 |   401 ||   473
 Fire: Hand crossbow     |       |       |     5 |    14 |       |       |       |       ||    19
       Hunting sling     |       |       |       |    81 |       |  1293 |   462 |       ||  1836
Throw: Dart              |       |       |    37 |    78 |    51 |       |       |       ||   166
       Boomerang         |       |       |       |       |   241 |    39 |    91 |    15 ||   386
       Throwing net      |       |       |       |       |     1 |       |       |       ||     1
Invok: Upheaval          |       |       |       |    19 |    19 |    19 |    13 |     4 ||    74
       Elemental Force   |       |       |       |     3 |     2 |     1 |    11 |     6 ||    23
       Disaster Area     |       |       |       |       |     2 |     6 |     3 |       ||    11
Evoke: Wand              |       |       |       |     9 |    15 |    16 |    29 |       ||    69
       Box of beasts     |       |       |       |       |       |     4 |    11 |     2 ||    17
       Condenser vane    |       |       |       |       |       |       |     9 |     3 ||    12
  Use: Scroll            |       |     9 |     5 |    10 |    16 |     8 |    12 |     3 ||    63
       Potion            |       |     4 |     2 |     2 |     4 |     4 |     5 |     4 ||    25
 Stab: Invisible         |       |       |       |     1 |       |       |       |       ||     1
       Paralysed         |       |       |       |       |     5 |       |     2 |     2 ||     9
       Distracted        |       |       |       |       |       |     1 |       |     1 ||     2
Armor: Scale mail        |    72 |    27 |       |       |       |       |       |       ||    99
       Plate armour      |       |    57 |   167 |   173 |   390 |       |       |       ||   787
       Chain mail        |       |       |       |       |    92 |   738 |   591 |   260 ||  1681
Dodge: Dodged            |    43 |    26 |    36 |   123 |   346 |   350 |   320 |   102 ||  1346
       Repelled          |       |       |       |       |     6 |    13 |     9 |     1 ||    29
Block: Kite shield       |    72 |    63 |   192 |   337 |  1059 |   951 |   953 |   350 ||  3977

Table legend: (Time is in decaauts)
 A = Elapsed time spent in this place.
 B = Non-inter-level travel time spent in this place.
 C = Inter-level travel time spent in this place.
 D = Time resting spent in this place.
 E = Time spent auto-exploring this place.
 F = Levels seen in this place.
 G = Mean time per level.
                   A        B        C        D        E       F      G
               +--------+--------+--------+--------+--------+-----+--------+
         Total |  61685 |  56783 |   4902 |  11615 |  31894 |  40 | 1542.1 |
       Dungeon |  20099 |  17422 |   2677 |   2654 |  10579 |  15 | 1339.9 |
          Lair |  10677 |   9787 |    890 |   1247 |   6026 |   6 | 1779.5 |
        Shoals |   5802 |   5464 |    338 |    766 |   3318 |   4 | 1450.5 |
   Spider Nest |   6335 |   6145 |    190 |   1500 |   3470 |   4 | 1583.8 |
    Slime Pits |      5 |      5 |      0 |      0 |      0 |   1 |    5.0 |
  Orcish Mines |   1826 |   1757 |     69 |    192 |   1127 |   2 |  913.0 |
        Vaults |  10858 |  10194 |    664 |   2468 |   5393 |   4 | 2714.5 |
        Depths |   5882 |   5812 |     70 |   2786 |   1842 |   3 | 1960.7 |
        Bazaar |    196 |    196 |      0 |      0 |    139 |   1 |  196.0 |
               +--------+--------+--------+--------+--------+-----+--------+

Top non-repeatable levels by time:
Vaults:2: 3285 daAuts
Vaults:3: 2787 daAuts
Depths:2: 2777 daAuts
Depths:1: 2764 daAuts
Vaults:1: 2687 daAuts
  Lair:3: 2329 daAuts
Spider:4: 2323 daAuts
Vaults:4: 2098 daAuts
  Lair:6: 2071 daAuts
  Lair:2: 2016 daAuts
  Lair:1: 1973 daAuts
     D:5: 1922 daAuts
     D:8: 1891 daAuts
     D:6: 1674 daAuts
Spider:1: 1631 daAuts
